Capitals vs Canadiens
Created - June 9, 2024 at 19:17
Goals
|
| Capitals |
2 |
0 |
1 |
3 |
| Canadiens |
0 |
0 |
1 |
1 |
|
Shots
|
| Capitals |
19 |
11 |
6 |
36 |
| Canadiens |
10 |
5 |
6 |
21 |
|
1st period
1. Capitals , Joe Colborne 6 (Mike Green 10, Phil Kessel 7) at 9:29
2. Capitals , Jeff Skinner 10 (Joe Colborne 10, Phil Kessel 8) at 16:09
Penalties :
No Penalty
2nd period
No Goal
Penalties :
Blake Pietila (Was) for Slashing (Minor) at 14:09
3rd period
3. Canadiens , Brandon Bollig 2 (Sean Zimmerman 5) at 9:49
4. Capitals , Blake Pietila 12 (Bobby Ryan 17, Cody Hodgson 11) at 18:53 (PP)
Penalties :
Jiri Sekac (Mon) for Tripping (Minor) at 1:02, Vincent Trocheck (Mon) for Holding (Minor) at 12:07, Brandon Bollig (Mon) for Interference (Minor) at 15:03, Cody Eakin (Mon) for High sticking (Minor) at 18:40
Goalie Stats
Cory Schneider (Was), 20 saves from 21 shots - (0.952), W, 12-4-0, 60:00 minutes
Robin Lehner (Mon), 33 saves from 36 shots - (0.917), L, 8-6-0, 60:00 minutes
Players Stats for Capitals
Player Name G A P +/- PIM S H SB GA TA FO MP PP MP PK MP
------------------------------------------------------------------------------------
Alexei Marchenko 0 0 0 0 0 0 0 0 0 1 0/0 16:16 0:00 0:34
Blake Pietila 1 0 1 -1 2 2 3 1 1 1 0/1 17:07 2:58 0:00
Bobby Ryan 0 1 1 -1 0 0 2 0 0 0 0/1 16:36 2:58 0:00
Brandon Burlon 0 0 0 0 0 2 1 0 0 1 0/0 14:48 0:00 0:00
Brandon Gormley 0 0 0 1 0 0 1 0 1 0 0/0 25:05 3:44 0:34
Cody Hodgson 0 1 1 -1 0 3 2 0 0 0 8/15 18:22 2:58 0:56
Jeff Skinner 1 0 1 2 0 5 3 0 0 0 0/0 13:31 0:00 0:56
Joe Colborne 1 1 2 2 0 4 2 0 0 0 6/8 12:25 0:04 0:12
Jujhar Khaira 0 0 0 0 0 0 3 0 0 1 0/0 7:46 0:00 0:12
Marc Staal 0 0 0 0 0 1 0 1 0 0 0/0 20:07 2:26 1:25
Mike Green 0 1 1 1 0 1 0 2 0 1 0/0 25:36 3:44 1:25
Nicklas Backstrom 0 0 0 0 0 3 0 1 0 0 15/27 21:09 3:08 0:00
Patrick Kane 0 0 0 0 0 4 1 2 0 0 2/2 22:24 3:12 0:51
Phil Kessel 0 2 2 2 0 3 0 1 0 0 0/0 12:03 0:00 0:00
Sergey Kalinin 0 0 0 0 0 1 1 2 0 0 0/2 7:47 0:00 0:51
Shea Theodore 0 0 0 0 0 1 0 2 2 0 0/0 18:08 2:26 0:00
Steve Downie 0 0 0 0 0 2 1 0 0 0 0/1 7:34 0:00 0:00
Taylor Hall 0 0 0 0 0 4 2 0 0 0 0/0 21:16 3:12 0:00
Players Stats for Canadiens
Player Name G A P +/- PIM S H SB GA TA FO MP PP MP PK MP
------------------------------------------------------------------------------------
Alexandre Grenier 0 0 0 1 0 1 0 0 0 0 1/1 7:10 0:04 0:00
Artemi Panarin 0 0 0 -1 0 1 4 1 1 0 1/1 20:56 1:01 2:10
Brandon Bollig 1 0 1 1 2 1 0 0 0 0 0/0 7:47 0:04 0:38
Brent Burns 0 0 0 -1 0 1 1 2 0 1 0/0 19:42 0:50 2:55
Brian Dumoulin 0 0 0 -1 0 0 1 3 0 1 0/0 16:47 0:50 0:00
Cam Fowler 0 0 0 -1 0 1 1 3 0 0 0/0 27:33 1:09 2:55
Chris Kreider 0 0 0 -1 0 5 2 0 4 0 0/0 16:25 0:54 0:18
Cody Eakin 0 0 0 0 2 2 2 0 0 1 7/13 14:27 0:04 1:57
Corban Knight 0 0 0 1 0 0 1 0 0 0 1/1 7:13 0:00 0:46
David Pastrnak 0 0 0 -1 0 3 1 0 0 0 1/2 18:45 1:01 0:00
Jiri Sekac 0 0 0 0 2 0 0 3 0 0 0/0 11:45 0:00 0:00
Jordan Szwarz 0 0 0 -1 0 2 1 0 0 0 3/3 16:00 0:54 0:00
Justin Schultz 0 0 0 1 0 0 0 0 0 0 0/0 15:40 0:00 3:15
Marcus Kruger 0 0 0 0 0 0 0 1 0 0 0/0 14:58 0:00 3:04
Mika Zibanejad 0 0 0 -1 0 2 1 0 0 0 8/18 20:06 1:01 1:21
Rasmus Ristolainen 0 0 0 -1 0 2 2 2 0 1 0/0 24:38 1:09 0:00
Sean Zimmerman 0 1 1 1 0 0 0 0 0 0 0/0 15:40 0:00 3:15
Vincent Trocheck 0 0 0 -1 2 0 1 0 0 0 4/18 18:14 0:54 2:06
3 Stars
1 - Joe Colborne (Was)
2 - Jeff Skinner (Was)
3 - Phil Kessel (Was)
Power Play
Capitals - 1 on 4 Attempt(s) - 25.00%
Canadiens - 0 on 1 Attempt(s) - 0.00%
Penalty Kill
Capitals - 1 on 1 Attempt(s) - 100.00%
- Score 0 goal in Penalty Kill
Canadiens - 3 on 4 Attempt(s) - 75.00%
- Score 0 goal in Penalty Kill
Team Stat
Capitals - Hits : 22 - Faceoff Wins : 31 - Blocked Shots : 12 - Penalty Minutes : 2
Canadiens - Hits : 18 - Faceoff Wins : 26 - Blocked Shots : 15 - Penalty Minutes : 8
Official
Referees : Jean Hebert and Chris Rooney
Linesman : Bryan Pancich and Kyle Flemington
Game Notes
Sergey Kalinin is injured at 11:33 of 3rd period (Bruised Left Shoulder)
Finance
Level 1 -- Attendance: 6000 (100.00%) -- Ticket Income $600,000
Level 2 -- Attendance: 5000 (100.00%) -- Ticket Income $300,000
Level 3 -- Attendance: 2000 (100.00%) -- Ticket Income $70,000
Level 4 -- Attendance: 4000 (100.00%) -- Ticket Income $100,000
Luxury Box -- Attendance: 1000 (100.00%) -- Ticket Income $200,000
Game was played at the Centre Bell.
Total Attendance: 18000 (100.00%)
Total Ticket Income: $1,270,000
Other Income: $190,500
Total Income: $1,460,500
Capitals
5 vs 5 Forward
Center Left Wing Right Wing Time % Phy DF OF
1 Nicklas Backstrom Taylor Hall Patrick Kane 40 0 1 4
2 Cody Hodgson Blake Pietila Bobby Ryan 30 0 1 4
3 Joe Colborne Jeff Skinner Phil Kessel 20 0 2 3
4 Sergey Kalinin Jujhar Khaira Steve Downie 10 0 2 3
5 vs 5 Defense
Defense Defense Time % Phy DF OF
1 Brandon Gormley Mike Green 35 0 3 2
2 Alexei Marchenko Marc Staal 30 0 3 2
3 Shea Theodore Brandon Burlon 25 0 3 2
4 Brandon Gormley Mike Green 10 0 3 2
PowerPlay Forward
Center Left Wing Right Wing Time % Phy DF OF
1 Nicklas Backstrom Taylor Hall Patrick Kane 60 0 0 5
2 Cody Hodgson Blake Pietila Bobby Ryan 40 0 0 5
PowerPlay Defense
Defense Defense Time % Phy DF OF
1 Brandon Gormley Mike Green 60 0 2 3
2 Marc Staal Shea Theodore 40 0 2 3
Penalty Kill 4 Players Forward
Center Wing Time % Phy DF OF
1 Sergey Kalinin Patrick Kane 60 0 4 1
2 Joe Colborne Jujhar Khaira 40 0 4 1
Penalty Kill 4 Players Defense
Defense Defense Time % Phy DF OF
1 Marc Staal Mike Green 60 0 4 1
2 Alexei Marchenko Brandon Gormley 40 0 4 1
Penalty Kill - 3 Players Forward
Forward Time % Phy DF OF
1 Taylor Hall 60 0 5 0
2 Patrick Kane 40 0 5 0
Penalty Kill - 3 Players Defense
Defense Defense Time % Phy DF OF
1 Marc Staal Mike Green 60 0 5 0
2 Brandon Gormley Alexei Marchenko 40 0 5 0
4 vs 4 Forward
Center Wing Time % Phy DF OF
1 Taylor Hall Patrick Kane 60 0 1 4
2 Nicklas Backstrom Bobby Ryan 40 0 1 4
4 vs 4 Defense
Defense Defense Time % Phy DF OF
1 Brandon Gormley Mike Green 60 0 2 3
2 Alexei Marchenko Marc Staal 40 0 3 2
Last Minutes Offensive
Center Left Wing Right Wing Defense Defense
Nicklas Backstrom Taylor Hall Patrick Kane Shea Theodore Mike Green
Last Minutes Defensive
Center Left Wing Right Wing Defense Defense
Nicklas Backstrom Taylor Hall Patrick Kane Marc Staal Mike Green
Goaltenders
Starting : Cory Schneider
Backup : Chet Pickard
Extra Forwards
Normal : Patrick Kane, Taylor Hall, Nicklas Backstrom - PP : Patrick Kane, Taylor Hall - PK : Patrick Kane
Extra Defensemen
Normal : Mike Green, Brandon Gormley, Alexei Marchenko - PP : Mike Green - PK : Marc Staal, Mike Green
Penalty Shots
Taylor Hall, Patrick Kane, Nicklas Backstrom, Bobby Ryan, Cody Hodgson
Custom OT Lines Forwards
Taylor Hall, Patrick Kane, Nicklas Backstrom, Bobby Ryan, Cody Hodgson, Blake Pietila, Jujhar Khaira, Steve Downie, Jeff Skinner, Phil Kessel
Custom OT Lines Defensemen
Brandon Gormley, Shea Theodore, Mike Green, Marc Staal, Alexei Marchenko
Scratches
None
Canadiens
5 vs 5 Forward
Center Left Wing Right Wing Time % Phy DF OF
1 Mika Zibanejad Artemi Panarin David Pastrnak 40 1 2 2
2 Vincent Trocheck Chris Kreider Jordan Szwarz 35 1 2 2
3 Cody Eakin Jiri Sekac Marcus Kruger 20 0 2 3
4 Corban Knight Brandon Bollig Alexandre Grenier 5 0 2 3
5 vs 5 Defense
Defense Defense Time % Phy DF OF
1 Rasmus Ristolainen Cam Fowler 40 0 2 3
2 Brent Burns Brian Dumoulin 30 0 2 3
3 Sean Zimmerman Justin Schultz 20 0 2 3
4 Rasmus Ristolainen Cam Fowler 10 0 2 3
PowerPlay Forward
Center Left Wing Right Wing Time % Phy DF OF
1 Mika Zibanejad Artemi Panarin David Pastrnak 60 0 1 4
2 Vincent Trocheck Chris Kreider Jordan Szwarz 40 0 1 4
PowerPlay Defense
Defense Defense Time % Phy DF OF
1 Rasmus Ristolainen Cam Fowler 60 0 1 4
2 Brian Dumoulin Brent Burns 40 0 1 4
Penalty Kill 4 Players Forward
Center Wing Time % Phy DF OF
1 Vincent Trocheck Marcus Kruger 60 1 2 2
2 Mika Zibanejad Brandon Bollig 40 1 2 2
Penalty Kill 4 Players Defense
Defense Defense Time % Phy DF OF
1 Sean Zimmerman Justin Schultz 60 1 2 2
2 Cam Fowler Brent Burns 40 1 2 2
Penalty Kill - 3 Players Forward
Forward Time % Phy DF OF
1 Cody Eakin 60 0 3 2
2 Corban Knight 40 0 3 2
Penalty Kill - 3 Players Defense
Defense Defense Time % Phy DF OF
1 Justin Schultz Cam Fowler 60 0 3 2
2 Brian Dumoulin Sean Zimmerman 40 0 3 2
4 vs 4 Forward
Center Wing Time % Phy DF OF
1 Cody Eakin Artemi Panarin 60 0 2 3
2 Mika Zibanejad David Pastrnak 40 0 2 3
4 vs 4 Defense
Defense Defense Time % Phy DF OF
1 Rasmus Ristolainen Cam Fowler 60 0 2 3
2 Brian Dumoulin Brent Burns 40 0 2 3
Last Minutes Offensive
Center Left Wing Right Wing Defense Defense
Mika Zibanejad Artemi Panarin David Pastrnak Rasmus Ristolainen Cam Fowler
Last Minutes Defensive
Center Left Wing Right Wing Defense Defense
Mika Zibanejad Artemi Panarin David Pastrnak Rasmus Ristolainen Cam Fowler
Goaltenders
Starting : Robin Lehner
Backup : Andrei Vasilevskiy
Extra Forwards
Normal : David Pastrnak, Mika Zibanejad, Chris Kreider - PP : David Pastrnak, Artemi Panarin - PK : Marcus Kruger
Extra Defensemen
Normal : Rasmus Ristolainen, Cam Fowler, Justin Schultz - PP : Rasmus Ristolainen - PK : Justin Schultz, Cam Fowler
Penalty Shots
Vincent Trocheck, Artemi Panarin, Mika Zibanejad, David Pastrnak, Marcus Kruger
Custom OT Lines Forwards
Artemi Panarin, Mika Zibanejad, David Pastrnak, Chris Kreider, Vincent Trocheck, Marcus Kruger, Cody Eakin, Jiri Sekac, Jordan Szwarz, Corban Knight
Custom OT Lines Defensemen
Rasmus Ristolainen, Cam Fowler, Brian Dumoulin, Brent Burns, Sean Zimmerman
Scratches
None
% Time on Ice - Capitals
Lines # - Real PCT - Wanted PCT - Time Play
Normal Forward
1 - 36% - 40% - 18:42
2 - 26% - 30% - 13:32
3 - 23% - 20% - 12:03
4 - 15% - 10% - 7:34
Normal Defense
1 - 33% - 35% - 17:22
2 - 32% - 30% - 16:36
3 - 29% - 25% - 14:48
4 - 6% - 10% - 3:05
PP Forward
1 - 52% - 60% - 3:12
2 - 48% - 40% - 2:58
PP Defense
1 - 61% - 60% - 3:44
2 - 39% - 40% - 2:26
PK Forward
1 - 90% - 60% - 1:47
2 - 10% - 40% - 0:12
PK Defense
1 - 71% - 60% - 1:25
2 - 29% - 40% - 0:34
PK3 Forward
1 - 0% - 60%
2 - 0% - 40%
PK3 Defense
1 - 0% - 60%
2 - 0% - 40%
44 Forward
1 - 0% - 60%
2 - 0% - 40%
44 Defense
1 - 0% - 60%
2 - 0% - 40%
Last Minute Offensive - 0:00
Last Minute Defensive - 0:00
Total
Forward - 60:00
Defense - 60:00
|
% Time on Ice - Canadiens
Lines # - Real PCT - Wanted PCT - Time Play
Normal Forward
1 - 36% - 40% - 18:33
2 - 29% - 35% - 15:06
3 - 23% - 20% - 11:45
4 - 12% - 5% - 6:27
Normal Defense
1 - 42% - 40% - 21:50
2 - 31% - 30% - 15:57
3 - 20% - 20% - 10:33
4 - 7% - 10% - 3:31
PP Forward
1 - 55% - 60% - 1:05
2 - 45% - 40% - 0:54
PP Defense
1 - 58% - 60% - 1:09
2 - 42% - 40% - 0:50
PK Forward
1 - 82% - 60% - 5:04
2 - 18% - 40% - 1:06
PK Defense
1 - 53% - 60% - 3:15
2 - 47% - 40% - 2:55
PK3 Forward
1 - 0% - 60%
2 - 0% - 40%
PK3 Defense
1 - 0% - 60%
2 - 0% - 40%
44 Forward
1 - 0% - 60%
2 - 0% - 40%
44 Defense
1 - 0% - 60%
2 - 0% - 40%
Last Minute Offensive - 0:00
Last Minute Defensive - 0:00
Total
Forward - 60:00
Defense - 60:00
|
Play-by-Play
1st period
0:01 of 1st period - Artemi Panarin wins face-off versus Nicklas Backstrom in neutral zone.
0:04 of 1st period - Taylor Hall is hit by Artemi Panarin and loses puck.
0:30 of 1st period - Slapshot by Blake Pietila.
0:30 of 1st period - Shot Blocked by Rasmus Ristolainen.
0:32 of 1st period - Wrist shot by Blake Pietila.
0:32 of 1st period - Deflect By Cody Hodgson.
0:32 of 1st period - Deflect By Chris Kreider.
0:32 of 1st period - Stopped by Robin Lehner without a rebound.
0:33 of 1st period - Cody Eakin wins face-off versus Cody Hodgson in Canadiens zone.
0:40 of 1st period - Brent Burns is hit by Blake Pietila and loses puck.
0:58 of 1st period - Brent Burns is hit by Cody Hodgson and loses puck.
1:21 of 1st period - Wrist shot by Artemi Panarin.
1:21 of 1st period - Shot Misses the Net.
1:23 of 1st period - Slapshot by Mika Zibanejad.
1:23 of 1st period - Stopped by Cory Schneider with a rebound.
1:31 of 1st period - Slapshot by Joe Colborne.
1:31 of 1st period - Shot Misses the Net.
1:45 of 1st period - Wrist shot by Nicklas Backstrom.
1:45 of 1st period - Stopped by Robin Lehner without a rebound.
1:46 of 1st period - Corban Knight wins face-off versus Nicklas Backstrom in Canadiens zone.
1:53 of 1st period - Slapshot by Rasmus Ristolainen.
1:53 of 1st period - Shot Blocked by Patrick Kane.
2:16 of 1st period - Wrist shot by Sergey Kalinin.
2:16 of 1st period - Stopped by Robin Lehner without a rebound.
2:17 of 1st period - Cody Eakin wins face-off versus Steve Downie in Canadiens zone.
2:17 of 1st period - Cody Eakin is hit by Steve Downie.
2:34 of 1st period - Off-side.
2:35 of 1st period - Nicklas Backstrom wins face-off versus Mika Zibanejad in neutral zone.
2:38 of 1st period - Snap shot by Nicklas Backstrom.
2:38 of 1st period - Stopped by Robin Lehner without a rebound.
2:39 of 1st period - Nicklas Backstrom wins face-off versus Mika Zibanejad in Canadiens zone.
4:22 of 1st period - Wrist shot by David Pastrnak.
4:22 of 1st period - Stopped by Cory Schneider with a rebound.
4:44 of 1st period - Snap shot by Chris Kreider.
4:44 of 1st period - Stopped by Cory Schneider without a rebound.
4:45 of 1st period - Jordan Szwarz wins face-off versus Bobby Ryan in Capitals zone.
4:48 of 1st period - Snap shot by Chris Kreider.
4:48 of 1st period - Shot Blocked by Shea Theodore.
4:50 of 1st period - Snap shot by Chris Kreider.
4:50 of 1st period - Stopped by Cory Schneider without a rebound.
4:51 of 1st period - Cody Hodgson wins face-off versus Vincent Trocheck in Capitals zone.
4:51 of 1st period - Cody Hodgson is hit by Chris Kreider.
5:25 of 1st period - Off-side.
5:26 of 1st period - Nicklas Backstrom wins face-off versus David Pastrnak in neutral zone.
5:58 of 1st period - Cody Eakin is hit by Joe Colborne and loses puck.
6:03 of 1st period - Wrist shot by Phil Kessel.
6:03 of 1st period - Stopped by Robin Lehner without a rebound.
6:04 of 1st period - Vincent Trocheck wins face-off versus Nicklas Backstrom in Canadiens zone.
6:13 of 1st period - Wrist shot by Rasmus Ristolainen.
6:13 of 1st period - Shot Hit the Post.
6:52 of 1st period - Snap shot by Cody Hodgson.
6:52 of 1st period - Deflect By Jeff Skinner.
6:52 of 1st period - Shot Misses the Net.
6:52 of 1st period - Puck is out of play.
6:53 of 1st period - Joe Colborne wins face-off versus Cody Eakin in Canadiens zone.
7:00 of 1st period - Snap shot by Joe Colborne.
7:00 of 1st period - Shot Hit the Post.
7:02 of 1st period - Slapshot by Mike Green.
7:02 of 1st period - Stopped by Robin Lehner with a rebound.
7:04 of 1st period - Slapshot by Phil Kessel.
7:04 of 1st period - Shot Misses the Net.
7:06 of 1st period - Snap shot by Joe Colborne.
7:06 of 1st period - Shot Misses the Net.
7:08 of 1st period - Wrist shot by Jeff Skinner.
7:08 of 1st period - Stopped by Robin Lehner with a rebound.
7:10 of 1st period - Wrist shot by Phil Kessel.
7:10 of 1st period - Shot Blocked by Brian Dumoulin.
7:30 of 1st period - Slapshot by David Pastrnak.
7:30 of 1st period - Deflect By Taylor Hall.
7:30 of 1st period - Shot Misses the Net.
7:30 of 1st period - Puck is out of play.
7:31 of 1st period - Mika Zibanejad wins face-off versus Cody Hodgson in Capitals zone.
7:43 of 1st period - Icing by Cody Hodgson.
7:44 of 1st period - Jordan Szwarz wins face-off versus Cody Hodgson in Capitals zone.
8:25 of 1st period - Wrist shot by Patrick Kane.
8:25 of 1st period - Stopped by Robin Lehner without a rebound.
8:26 of 1st period - Cody Eakin wins face-off versus Nicklas Backstrom in Canadiens zone.
8:52 of 1st period - Brian Dumoulin is hit by Jujhar Khaira and loses puck.
9:13 of 1st period - Snap shot by Jordan Szwarz.
9:13 of 1st period - Stopped by Cory Schneider with a rebound.
9:15 of 1st period - Slapshot by Brian Dumoulin.
9:15 of 1st period - Deflect By Chris Kreider.
9:15 of 1st period - Shot Misses the Net.
9:15 of 1st period - Puck is out of play.
9:16 of 1st period - Joe Colborne wins face-off versus Vincent Trocheck in Capitals zone.
9:27 of 1st period - Wrist shot by Joe Colborne.
9:27 of 1st period - Shot Misses the Net.
9:29 of 1st period - Slapshot by Mike Green.
9:29 of 1st period - Deflect By Joe Colborne.
9:29 of 1st period - Goal by Joe Colborne - Capitals : 1 - Canadiens : 0.
9:30 of 1st period - David Pastrnak wins face-off versus Nicklas Backstrom in neutral zone.
9:53 of 1st period - Patrick Kane is hit by Cam Fowler and loses puck.
10:08 of 1st period - Wrist shot by Patrick Kane.
10:08 of 1st period - Shot Misses the Net.
10:10 of 1st period - Wrist shot by Taylor Hall.
10:10 of 1st period - Stopped by Robin Lehner with a rebound.
10:56 of 1st period - Wrist shot by Taylor Hall.
10:56 of 1st period - Shot Misses the Net.
10:58 of 1st period - Slapshot by Shea Theodore.
10:58 of 1st period - Stopped by Robin Lehner with a rebound.
11:00 of 1st period - Snap shot by Patrick Kane.
11:00 of 1st period - Stopped by Robin Lehner without a rebound.
11:01 of 1st period - Vincent Trocheck wins face-off versus Cody Hodgson in Canadiens zone.
11:03 of 1st period - Icing by Jordan Szwarz.
11:04 of 1st period - Cody Hodgson wins face-off versus Vincent Trocheck in Canadiens zone.
11:35 of 1st period - Jiri Sekac is hit by Joe Colborne and loses puck.
13:03 of 1st period - Icing by Marcus Kruger.
13:04 of 1st period - Joe Colborne wins face-off versus Cody Eakin in Canadiens zone.
13:05 of 1st period - Wrist shot by Phil Kessel.
13:05 of 1st period - Shot Misses the Net.
13:07 of 1st period - Snap shot by Brandon Gormley.
13:07 of 1st period - Shot Blocked by Brent Burns.
13:09 of 1st period - Wrist shot by Taylor Hall.
13:09 of 1st period - Shot Blocked by Brian Dumoulin.
13:11 of 1st period - Snap shot by Nicklas Backstrom.
13:11 of 1st period - Shot Misses the Net.
13:13 of 1st period - Slapshot by Brandon Gormley.
13:13 of 1st period - Shot Misses the Net.
13:21 of 1st period - Snap shot by Marcus Kruger.
13:21 of 1st period - Shot Misses the Net.
13:37 of 1st period - Wrist shot by Chris Kreider.
13:37 of 1st period - Stopped by Cory Schneider without a rebound.
13:38 of 1st period - Cody Hodgson wins face-off versus Vincent Trocheck in Capitals zone.
13:38 of 1st period - Cody Hodgson is hit by Chris Kreider.
13:47 of 1st period - Off-side.
13:48 of 1st period - Jordan Szwarz wins face-off versus Nicklas Backstrom in neutral zone.
15:01 of 1st period - Snap shot by Vincent Trocheck.
15:01 of 1st period - Shot Misses the Net.
15:09 of 1st period - Wrist shot by Joe Colborne.
15:09 of 1st period - Stopped by Robin Lehner without a rebound.
15:10 of 1st period - Cody Hodgson wins face-off versus Vincent Trocheck in Canadiens zone.
15:29 of 1st period - Icing by Rasmus Ristolainen.
15:30 of 1st period - Patrick Kane wins face-off versus Vincent Trocheck in Canadiens zone.
15:33 of 1st period - Wrist shot by Nicklas Backstrom.
15:33 of 1st period - Stopped by Robin Lehner with a rebound.
15:51 of 1st period - Snap shot by Jordan Szwarz.
15:51 of 1st period - Stopped by Cory Schneider with a rebound.
15:53 of 1st period - Snap shot by Chris Kreider.
15:53 of 1st period - Stopped by Cory Schneider without a rebound.
15:54 of 1st period - Joe Colborne wins face-off versus Mika Zibanejad in Capitals zone.
16:05 of 1st period - Wrist shot by Jeff Skinner.
16:05 of 1st period - Stopped by Robin Lehner with a rebound.
16:07 of 1st period - Wrist shot by Jeff Skinner.
16:07 of 1st period - Stopped by Robin Lehner with a rebound.
16:09 of 1st period - Slapshot by Jeff Skinner.
16:09 of 1st period - Goal by Jeff Skinner - Capitals : 2 - Canadiens : 0.
16:10 of 1st period - Mika Zibanejad wins face-off versus Cody Hodgson in neutral zone.
16:27 of 1st period - Wrist shot by Blake Pietila.
16:27 of 1st period - Shot Misses the Net.
17:22 of 1st period - Snap shot by Brent Burns.
17:22 of 1st period - Stopped by Cory Schneider with a rebound.
17:24 of 1st period - Wrist shot by Chris Kreider.
17:24 of 1st period - Stopped by Cory Schneider with a rebound.
17:26 of 1st period - Snap shot by Jordan Szwarz.
17:26 of 1st period - Shot Misses the Net.
17:28 of 1st period - Wrist shot by Chris Kreider.
17:28 of 1st period - Shot Misses the Net.
17:52 of 1st period - Slapshot by Blake Pietila.
17:52 of 1st period - Stopped by Robin Lehner without a rebound.
17:53 of 1st period - Cody Hodgson wins face-off versus Cody Eakin in Canadiens zone.
18:00 of 1st period - Wrist shot by Cody Hodgson.
18:00 of 1st period - Shot Misses the Net.
18:02 of 1st period - Snap shot by Brandon Gormley.
18:02 of 1st period - Shot Blocked by Jiri Sekac.
18:38 of 1st period - Nicklas Backstrom is hit by Corban Knight and loses puck.
19:25 of 1st period - Wrist shot by Chris Kreider.
19:25 of 1st period - Shot Misses the Net.
19:35 of 1st period - Snap shot by Taylor Hall.
19:35 of 1st period - Stopped by Robin Lehner with a rebound.
19:37 of 1st period - Wrist shot by Taylor Hall.
19:37 of 1st period - Shot Misses the Net.
Goals for this period are 2 for Capitals vs 0 for Canadiens.
Shots for this period are 19 for Capitals vs 10 for Canadiens.
2nd period
0:01 of 2nd period - Mika Zibanejad wins face-off versus Nicklas Backstrom in neutral zone.
0:06 of 2nd period - Slapshot by Cam Fowler.
0:06 of 2nd period - Shot Blocked by Mike Green.
0:49 of 2nd period - Snap shot by Rasmus Ristolainen.
0:49 of 2nd period - Shot Blocked by Phil Kessel.
1:17 of 2nd period - Slapshot by Steve Downie.
1:17 of 2nd period - Stopped by Robin Lehner with a rebound.
1:19 of 2nd period - Snap shot by Steve Downie.
1:19 of 2nd period - Deflect By Brian Dumoulin.
1:19 of 2nd period - Stopped by Robin Lehner with a rebound.
1:21 of 2nd period - Slapshot by Marc Staal.
1:21 of 2nd period - Stopped by Robin Lehner with a rebound.
1:39 of 2nd period - Snap shot by Bobby Ryan.
1:39 of 2nd period - Shot Misses the Net.
1:41 of 2nd period - Backhand shot by Mike Green.
1:41 of 2nd period - Shot Misses the Net.
1:53 of 2nd period - Patrick Kane is hit by Artemi Panarin and loses puck.
2:38 of 2nd period - Jujhar Khaira is hit by Cody Eakin and loses puck.
3:05 of 2nd period - Blake Pietila is hit by Rasmus Ristolainen and loses puck.
3:36 of 2nd period - Slapshot by Jiri Sekac.
3:36 of 2nd period - Shot Misses the Net.
3:38 of 2nd period - Slapshot by Rasmus Ristolainen.
3:38 of 2nd period - Stopped by Cory Schneider without a rebound.
3:39 of 2nd period - Joe Colborne wins face-off versus Cody Eakin in Capitals zone.
3:52 of 2nd period - Wrist shot by Phil Kessel.
3:52 of 2nd period - Stopped by Robin Lehner without a rebound.
3:53 of 2nd period - Mika Zibanejad wins face-off versus Nicklas Backstrom in Canadiens zone.
4:33 of 2nd period - Off-side.
4:34 of 2nd period - Cody Hodgson wins face-off versus Vincent Trocheck in neutral zone.
5:01 of 2nd period - David Pastrnak is hit by Jeff Skinner and loses puck.
5:27 of 2nd period - Slapshot by Marcus Kruger.
5:27 of 2nd period - Shot Blocked by Marc Staal.
5:29 of 2nd period - Slapshot by Cody Eakin.
5:29 of 2nd period - Stopped by Cory Schneider without a rebound.
5:30 of 2nd period - Nicklas Backstrom wins face-off versus Mika Zibanejad in Capitals zone.
6:02 of 2nd period - Wrist shot by Chris Kreider.
6:02 of 2nd period - Shot Misses the Net.
7:04 of 2nd period - Wrist shot by Artemi Panarin.
7:04 of 2nd period - Stopped by Cory Schneider with a rebound.
7:38 of 2nd period - Slapshot by Rasmus Ristolainen.
7:38 of 2nd period - Shot Misses the Net.
7:52 of 2nd period - Slapshot by Jeff Skinner.
7:52 of 2nd period - Shot Misses the Net.
8:33 of 2nd period - Snap shot by Phil Kessel.
8:33 of 2nd period - Stopped by Robin Lehner without a rebound.
8:34 of 2nd period - Nicklas Backstrom wins face-off versus Mika Zibanejad in Canadiens zone.
8:35 of 2nd period - Snap shot by Patrick Kane.
8:35 of 2nd period - Shot Misses the Net.
8:45 of 2nd period - Snap shot by Artemi Panarin.
8:45 of 2nd period - Shot Blocked by Patrick Kane.
9:01 of 2nd period - Blake Pietila is hit by Vincent Trocheck.
9:05 of 2nd period - Snap shot by Chris Kreider.
9:05 of 2nd period - Shot Misses the Net.
9:25 of 2nd period - Slapshot by Justin Schultz.
9:25 of 2nd period - Shot Hit the Post.
9:31 of 2nd period - Brent Burns is hit by Sergey Kalinin.
9:41 of 2nd period - Brandon Burlon is hit by David Pastrnak and loses puck.
10:04 of 2nd period - Snap shot by Blake Pietila.
10:04 of 2nd period - Shot Blocked by Jiri Sekac.
10:26 of 2nd period - Vincent Trocheck is hit by Jeff Skinner and loses puck.
10:43 of 2nd period - Slapshot by Marc Staal.
10:43 of 2nd period - Shot Hit the Post.
10:45 of 2nd period - Snap shot by Alexei Marchenko.
10:45 of 2nd period - Shot Misses the Net.
10:47 of 2nd period - Snap shot by Joe Colborne.
10:47 of 2nd period - Shot Misses the Net.
10:55 of 2nd period - Snap shot by Jeff Skinner.
10:55 of 2nd period - Shot Misses the Net.
10:57 of 2nd period - Snap shot by Jeff Skinner.
10:57 of 2nd period - Shot Misses the Net.
10:59 of 2nd period - Slapshot by Alexei Marchenko.
10:59 of 2nd period - Shot Misses the Net.
11:01 of 2nd period - Snap shot by Marc Staal.
11:01 of 2nd period - Shot Blocked by Brian Dumoulin.
11:27 of 2nd period - Snap shot by David Pastrnak.
11:27 of 2nd period - Stopped by Cory Schneider without a rebound.
11:28 of 2nd period - Vincent Trocheck wins face-off versus Nicklas Backstrom in Capitals zone.
11:33 of 2nd period - Snap shot by Chris Kreider.
11:33 of 2nd period - Shot Misses the Net.
11:58 of 2nd period - Wrist shot by Justin Schultz.
11:58 of 2nd period - Shot Blocked by Blake Pietila.
12:00 of 2nd period - Wrist shot by Cody Eakin.
12:00 of 2nd period - Stopped by Cory Schneider without a rebound.
12:01 of 2nd period - Cody Eakin wins face-off versus Cody Hodgson in Capitals zone.
12:02 of 2nd period - Wrist shot by Marcus Kruger.
12:02 of 2nd period - Shot Misses the Net.
12:08 of 2nd period - Jiri Sekac is hit by Bobby Ryan and loses puck.
12:13 of 2nd period - Snap shot by Cody Hodgson.
12:13 of 2nd period - Stopped by Robin Lehner with a rebound.
12:27 of 2nd period - Rasmus Ristolainen is hit by Taylor Hall and loses puck.
12:38 of 2nd period - Snap shot by Nicklas Backstrom.
12:38 of 2nd period - Shot Misses the Net.
13:18 of 2nd period - Snap shot by Brandon Bollig.
13:18 of 2nd period - Shot Misses the Net.
13:31 of 2nd period - Icing by Brent Burns.
13:32 of 2nd period - Alexandre Grenier wins face-off versus Nicklas Backstrom in Canadiens zone.
13:47 of 2nd period - Snap shot by Taylor Hall.
13:47 of 2nd period - Stopped by Robin Lehner with a rebound.
14:09 of 2nd period - Minor Penalty to Blake Pietila for Slashing.
14:10 of 2nd period - Mika Zibanejad wins face-off versus Sergey Kalinin in Capitals zone.
14:26 of 2nd period - Snap shot by Mika Zibanejad.
14:26 of 2nd period - Shot Blocked by Sergey Kalinin.
14:42 of 2nd period - Mike Green is hit by Rasmus Ristolainen and loses puck.
15:51 of 2nd period - Jeff Skinner is hit by Artemi Panarin and loses puck.
16:09 of 2nd period - Penalty to Blake Pietila is over, Blake Pietila is back on ice.
16:10 of 2nd period - Icing by Jeff Skinner.
16:11 of 2nd period - Cody Hodgson wins face-off versus Cody Eakin in Capitals zone.
16:38 of 2nd period - Backhand shot by Jeff Skinner.
16:38 of 2nd period - Shot Blocked by Cam Fowler.
16:40 of 2nd period - Slapshot by Brandon Burlon.
16:40 of 2nd period - Stopped by Robin Lehner without a rebound.
16:41 of 2nd period - Nicklas Backstrom wins face-off versus Vincent Trocheck in Canadiens zone.
16:46 of 2nd period - Snap shot by Patrick Kane.
16:46 of 2nd period - Shot Misses the Net.
16:48 of 2nd period - Wrist shot by Taylor Hall.
16:48 of 2nd period - Shot Misses the Net.
16:50 of 2nd period - Snap shot by Patrick Kane.
16:50 of 2nd period - Stopped by Robin Lehner without a rebound.
16:51 of 2nd period - Nicklas Backstrom wins face-off versus Vincent Trocheck in Canadiens zone.
17:07 of 2nd period - Wrist shot by Taylor Hall.
17:07 of 2nd period - Deflect By Patrick Kane.
17:07 of 2nd period - Shot Misses the Net.
17:07 of 2nd period - Puck is out of play.
17:08 of 2nd period - Mika Zibanejad wins face-off versus Sergey Kalinin in Canadiens zone.
17:33 of 2nd period - Brandon Gormley is hit by Jordan Szwarz and loses puck.
19:38 of 2nd period - Snap shot by Cody Hodgson.
19:38 of 2nd period - Shot Misses the Net.
19:40 of 2nd period - Slapshot by Brandon Burlon.
19:40 of 2nd period - Stopped by Robin Lehner without a rebound.
19:41 of 2nd period - Joe Colborne wins face-off versus Vincent Trocheck in Canadiens zone.
19:51 of 2nd period - Wrist shot by Joe Colborne.
19:51 of 2nd period - Stopped by Robin Lehner without a rebound.
19:52 of 2nd period - Nicklas Backstrom wins face-off versus Mika Zibanejad in Canadiens zone.
Goals for this period are 0 for Capitals vs 0 for Canadiens.
Shots for this period are 11 for Capitals vs 5 for Canadiens.
3rd period
0:01 of 3rd period - Nicklas Backstrom wins face-off versus Mika Zibanejad in neutral zone.
0:26 of 3rd period - Cam Fowler is hit by Brandon Gormley and loses puck.
1:02 of 3rd period - Minor Penalty to Jiri Sekac for Tripping.
1:03 of 3rd period - Nicklas Backstrom wins face-off versus Vincent Trocheck in Canadiens zone.
1:37 of 3rd period - Vincent Trocheck is hit by Cody Hodgson and loses puck.
2:06 of 3rd period - Slapshot by Artemi Panarin.
2:06 of 3rd period - Shot Blocked by Shea Theodore.
3:02 of 3rd period - Penalty to Jiri Sekac is over, Jiri Sekac is back on ice.
3:48 of 3rd period - Marc Staal is hit by Brent Burns.
3:58 of 3rd period - Shea Theodore is hit by Cody Eakin and loses puck.
5:22 of 3rd period - Icing by Brandon Gormley.
5:23 of 3rd period - Patrick Kane wins face-off versus Vincent Trocheck in Capitals zone.
5:38 of 3rd period - Snap shot by Cody Hodgson.
5:38 of 3rd period - Stopped by Robin Lehner with a rebound.
5:40 of 3rd period - Snap shot by Bobby Ryan.
5:40 of 3rd period - Shot Blocked by Rasmus Ristolainen.
6:36 of 3rd period - Rasmus Ristolainen is hit by Brandon Burlon and loses puck.
6:45 of 3rd period - Wrist shot by Jeff Skinner.
6:45 of 3rd period - Shot Blocked by Jiri Sekac.
6:47 of 3rd period - Snap shot by Joe Colborne.
6:47 of 3rd period - Deflect By Jeff Skinner.
6:47 of 3rd period - Stopped by Robin Lehner with a rebound.
7:29 of 3rd period - Off-side.
7:30 of 3rd period - Nicklas Backstrom wins face-off versus Mika Zibanejad in neutral zone.
7:39 of 3rd period - Wrist shot by Patrick Kane.
7:39 of 3rd period - Shot Misses the Net.
7:41 of 3rd period - Wrist shot by Patrick Kane.
7:41 of 3rd period - Shot Blocked by Artemi Panarin.
7:43 of 3rd period - Slapshot by Brandon Gormley.
7:43 of 3rd period - Shot Misses the Net.
7:45 of 3rd period - Wrist shot by Taylor Hall.
7:45 of 3rd period - Shot Misses the Net.
7:47 of 3rd period - Backhand shot by Brandon Gormley.
7:47 of 3rd period - Shot Blocked by Brent Burns.
7:57 of 3rd period - Jordan Szwarz is hit by Blake Pietila and loses puck.
8:18 of 3rd period - Phil Kessel is hit by Brian Dumoulin.
8:50 of 3rd period - Artemi Panarin is hit by Jujhar Khaira and loses puck.
9:49 of 3rd period - Wrist shot by Brandon Bollig.
9:49 of 3rd period - Goal by Brandon Bollig - Capitals : 2 - Canadiens : 1.
9:50 of 3rd period - Mika Zibanejad wins face-off versus Nicklas Backstrom in neutral zone.
10:05 of 3rd period - Slapshot by Mika Zibanejad.
10:05 of 3rd period - Shot Blocked by Nicklas Backstrom.
10:07 of 3rd period - Slapshot by Artemi Panarin.
10:07 of 3rd period - Shot Misses the Net.
10:42 of 3rd period - Jordan Szwarz is hit by Blake Pietila and loses puck.
11:08 of 3rd period - Snap shot by Alexandre Grenier.
11:08 of 3rd period - Stopped by Cory Schneider with a rebound.
11:14 of 3rd period - Alexandre Grenier is hit by Jeff Skinner and loses puck.
11:33 of 3rd period - Snap shot by Mika Zibanejad.
11:33 of 3rd period - Shot Blocked by Sergey Kalinin.
11:33 of 3rd period - Sergey Kalinin from Capitals is injured at 11:33 of 3rd period (Bruised Left Shoulder).
11:34 of 3rd period - Mika Zibanejad wins face-off versus Nicklas Backstrom in Capitals zone.
11:35 of 3rd period - Slapshot by Rasmus Ristolainen.
11:35 of 3rd period - Stopped by Cory Schneider with a rebound.
11:37 of 3rd period - Slapshot by Mika Zibanejad.
11:37 of 3rd period - Shot Misses the Net.
11:43 of 3rd period - Wrist shot by Artemi Panarin.
11:43 of 3rd period - Shot Blocked by Mike Green.
11:45 of 3rd period - Snap shot by Artemi Panarin.
11:45 of 3rd period - Shot Misses the Net.
11:47 of 3rd period - Snap shot by Cam Fowler.
11:47 of 3rd period - Stopped by Cory Schneider without a rebound.
11:48 of 3rd period - Nicklas Backstrom wins face-off versus Mika Zibanejad in Capitals zone.
11:48 of 3rd period - Nicklas Backstrom is hit by Artemi Panarin.
12:04 of 3rd period - Snap shot by Patrick Kane.
12:04 of 3rd period - Stopped by Robin Lehner without a rebound.
12:05 of 3rd period - Vincent Trocheck wins face-off versus Cody Hodgson in Canadiens zone.
12:07 of 3rd period - Minor Penalty to Vincent Trocheck for Holding.
12:08 of 3rd period - Nicklas Backstrom wins face-off versus Cody Eakin in Canadiens zone.
12:18 of 3rd period - Snap shot by Patrick Kane.
12:18 of 3rd period - Shot Blocked by Marcus Kruger.
13:08 of 3rd period - Brent Burns is hit by Bobby Ryan and loses puck.
14:07 of 3rd period - Penalty to Vincent Trocheck is over, Vincent Trocheck is back on ice.
14:39 of 3rd period - Snap shot by David Pastrnak.
14:39 of 3rd period - Stopped by Cory Schneider with a rebound.
14:41 of 3rd period - Slapshot by Mika Zibanejad.
14:41 of 3rd period - Stopped by Cory Schneider with a rebound.
15:03 of 3rd period - Minor Penalty to Brandon Bollig for Interference.
15:04 of 3rd period - Nicklas Backstrom wins face-off versus Vincent Trocheck in Canadiens zone.
15:19 of 3rd period - Slapshot by Taylor Hall.
15:19 of 3rd period - Shot Misses the Net.
15:45 of 3rd period - Blake Pietila is hit by Mika Zibanejad and loses puck.
15:58 of 3rd period - Brent Burns is hit by Patrick Kane and loses puck.
16:28 of 3rd period - Marcus Kruger is hit by Taylor Hall and loses puck.
16:52 of 3rd period - Icing by Cody Hodgson.
16:53 of 3rd period - Cody Eakin wins face-off versus Blake Pietila in Capitals zone.
17:03 of 3rd period - Penalty to Brandon Bollig is over, Brandon Bollig is back on ice.
17:08 of 3rd period - Wrist shot by Jordan Szwarz.
17:08 of 3rd period - Shot Misses the Net.
17:36 of 3rd period - Vincent Trocheck is hit by Jujhar Khaira and loses puck.
18:13 of 3rd period - Snap shot by David Pastrnak.
18:13 of 3rd period - Shot Misses the Net.
18:37 of 3rd period - Snap shot by Taylor Hall.
18:37 of 3rd period - Stopped by Robin Lehner without a rebound.
18:38 of 3rd period - Cody Eakin wins face-off versus Joe Colborne in Canadiens zone.
18:40 of 3rd period - Minor Penalty to Cody Eakin for High sticking.
18:41 of 3rd period - Cody Hodgson wins face-off versus Vincent Trocheck in Canadiens zone.
18:45 of 3rd period - Snap shot by Cody Hodgson.
18:45 of 3rd period - Shot Blocked by Cam Fowler.
18:47 of 3rd period - Snap shot by Blake Pietila.
18:47 of 3rd period - Shot Blocked by Cam Fowler.
18:53 of 3rd period - Snap shot by Bobby Ryan.
18:53 of 3rd period - Deflect By Blake Pietila.
18:53 of 3rd period - Goal by Blake Pietila - Capitals : 3 - Canadiens : 1.
18:54 of 3rd period - Cody Eakin wins face-off versus Joe Colborne in neutral zone.
19:11 of 3rd period - Snap shot by Joe Colborne.
19:11 of 3rd period - Stopped by Robin Lehner without a rebound.
19:12 of 3rd period - Nicklas Backstrom wins face-off versus Mika Zibanejad in Canadiens zone.
Goals for this period are 1 for Capitals vs 1 for Canadiens.
Shots for this period are 6 for Capitals vs 6 for Canadiens.